 Dungeon Crawl Stone Soup version 0.28.0-53-g5a82cb258f (webtiles) character file.

Game seed: 15668838309026230408

888 safid the Cleaver (level 8, -4/66 HPs)
             Began as a Hill Orc Fighter on Aug 21, 2022.
             Was an Initiate of Okawaru.
             Slain by an orc warrior
             ... wielding a +0 trident
              (11 damage)
             ... on level 6 of the Dungeon.
             The game lasted 00:06:58 (6241 turns).

safid the Cleaver (Hill Orc Fighter)                Turns: 6241, Time: 00:06:58

Health: -4/66      AC:  7    Str: 21    XL:     8   Next: 6%
Magic:  8/8        EV:  8    Int:  8    God:    Okawaru [......]
Gold:   269        SH:  8    Dex: 10    Spells: 7/7 levels left

rFire   . . .      SeeInvis .   a - +0 war axe
rCold   . . .      Faith    .   i - +0 kite shield
rNeg    . . .      Spirit   .   b - +0 scale mail
rPois   .          Reflect  .   (no helmet)
rElec   .          Harm     .   (no cloak)
rCorr   .          Rampage  .   (no gloves)
Will    .....                   (no boots)
Stlth   ..........              (no amulet)
HPRegen 0.21/turn               (no ring)
MPRegen 0.11/turn               (no ring)

@: no status effects
A: no striking features
a: Renounce Religion


You were on level 6 of the Dungeon.
You worshipped Okawaru.
Okawaru was noncommittal.
You visited 2 branches of the dungeon, and saw 7 of its levels.
You also visited: Sewer.

You collected 269 gold pieces.

Inventory:

Hand Weapons
 a - a +0 war axe (weapon)
Missiles
 k - 22 poisoned darts (quivered)
Armour
 b - a +0 scale mail (worn)
 i - a +0 kite shield (worn)
Jewellery
 n - a +6 ring of intelligence
Wands
 u - a wand of acid (12)
Scrolls
 f - 2 scrolls of torment
 h - a scroll of enchant armour
 m - a scroll of holy word {unknown}
 p - a scroll of fear {unknown}
 v - a scroll of brand weapon {unknown}
Potions
 c - 2 potions of magic
 d - 6 potions of might
 e - 5 potions of flight
 j - a potion of heal wounds
 l - a potion of ambrosia {unknown}
 o - 3 potions of mutation
 q - 2 potions of cancellation {unknown}
 r - 2 potions of haste
 s - 2 potions of resistance {unknown}
 t - a potion of experience {unknown}


   Skills:
 - Level 4.0 Fighting
 + Level 11.1 Axes
 - Level 4.0 Armour
 - Level 4.0 Shields


You had 7 spell levels left.
You didn't know any spells.
Your spell library contained the following spells:

 Spells                   Type           Power      Damage    Failure   Level
 Shock                    Conj/Air       0%         1d3       98%         1
 Scorch                   Fire           0%         2d5       99%         2
 Swiftness                Air            0%         N/A       100%        3
 Airstrike                Air            0%         N/A       100%        4
 Flame Wave               Conj/Fire      0%         2d4       100%        4
 Summon Cactus Giant      Summ           Unusable   N/A       N/A         6

Dungeon Overview and Level Annotations

Branches:
Dungeon (6/15)             Temple (1/1) D:5           Sewer (visited)

Altars:
Ashenzari
Dithmenos
Elyvilon
Fedhas
Gozag
Hepliaklqana
Kikubaaqudgha
Makhleb
Nemelex Xobeh
Okawaru
Qazlal
Ru
Sif Muna
Trog
Uskayaw
Vehumet
Wu Jian
Xom
Yredelemnul
Zin
The Shining One
Beogh

Shops:
D:2 (

Annotations:
D:4 3 runed translucent doors, BuzzyBeetle's ghost, amateur KoBr
D:5 1 runed translucent door, Crazy Yiuf


Message History

The ufetubus hits you but does no damage.
You block the ufetubus's attack. The ufetubus closely misses you.
The ufetubus hits you but does no damage.
The orc warrior closely misses you.
Things that are here:
a +0 flail; an orc corpse Unknown command.
You feel much better. The ufetubus barely misses you.
The ufetubus hits you but does no damage.
The orc warrior hits you with a +0 trident.
The ufetubus hits you. You block the ufetubus's attack.
You closely miss the orc warrior.
The orc warrior is lightly wounded.
You closely miss the ufetubus. You block the ufetubus's attack.
The ufetubus hits you but does no damage.
The orc warrior hits you with a +0 trident.
Unknown command.
You barely miss the orc warrior.
The orc warrior is lightly wounded.
You hit the ufetubus. The ufetubus barely misses you.
The ufetubus hits you but does no damage.
The orc warrior hits you with a +0 trident!
* * * LOW HITPOINT WARNING * * *
The ufetubus closely misses you. You block the ufetubus's attack.
You hit the orc warrior but do no damage.
The orc warrior is lightly wounded.
You miss the ufetubus. The ufetubus closely misses you.
You block the ufetubus's attack.
The orc warrior hits you with a +0 trident.
* * * LOW HITPOINT WARNING * * *
The ufetubus hits you.
* * * LOW HITPOINT WARNING * * *
The ufetubus hits you.
* * * LOW HITPOINT WARNING * * *
You slice the orc warrior!!
The orc warrior is severely wounded.
You barely miss the ufetubus.
The orc warrior hits you with a +0 trident!
You die...

≈≈≈≈≈≈≈♣...........#.....≈.PP.#..
≈≈PP≈≈♣♣...........#...##.....#..
PP≈P≈≈≈♣♣###.......############..
≈≈P≈≈≈≈≈P..#.......# #..
≈≈P≈≈≈≈♣≈..#.......# #..
PP≈≈≈PP♣≈>.#.......# #..
≈≈≈≈≈≈≈≈♣♣.#..)....######
≈≈≈≈≈≈≈≈≈P#####..........
≈≈≈≈≈≈≈PP♣...$'o@........
≈≈≈≈≈≈≈≈P≈....#.5...$....
≈≈≈≈≈≈≈≈≈♣...##..........
≈≈≈≈≈≈≈≈♣♣...#.....######
≈≈≈≈≈≈≈P≈≈...#.....#
≈≈≈≈≈≈≈Po≈...#.....#
≈≈≈≈≈≈≈≈≈≈...#.....#
≈≈≈≈≈≈≈≈≈....#.....#
o≈≈≈≈≈≈≈P#####.....#


You could see an orc warrior and an ufetubus.

Vanquished Creatures
  Menkaure (D:5)
  An acid dragon (D:6)
  A phantom (D:4)
  A kobold brigand (Sewer)
  2 howler monkeys
  A bullfrog zombie (D:5)
  A centaur zombie (D:5)
  2 hounds (D:5)
  2 iguanas
  Terence (D:3)
  2 orc wizards
  A hound skeleton (D:4)
  6 adders
  A river rat (D:5)
  A worm (D:2)
  2 dart slugs (D:1)
  8 orcs
  6 endoplasms
  8 giant cockroaches
  5 goblins
  4 hobgoblins
  3 jackals (D:5)
  22 kobolds
  3 quokkas
  10 ball pythons
  8 bats
  3 frilled lizards
  12 rats
118 creatures vanquished.

Vanquished Creatures (others)
  A fungus (Sewer)
  17 plants
18 creatures vanquished.

Grand Total: 136 creatures vanquished

Notes
Turn   | Place    | Note
-------+----------+-------------------------------------------
     0 | D:1      | safid the Hill Orc Fighter began the quest for the Orb.
     0 | D:1      | Reached XP level 1. HP: 19/19 MP: 1/1
    43 | D:1      | Reached XP level 2. HP: 25/27 MP: 2/2
    67 | D:1      | Reached skill level 3 in Axes
   251 | D:1      | Found a faded altar of an unknown god.
   570 | D:1      | Reached XP level 3. HP: 33/33 MP: 3/3
   954 | D:2      | Found Ihes's Antique Weapon Emporium.
  1062 | D:2      | Reached skill level 4 in Axes
  1062 | D:2      | Reached XP level 4. HP: 6/40 MP: 4/4
  2043 | D:3      | Noticed Terence
  2056 | D:3      | Killed Terence
  2057 | D:3      | Reached skill level 5 in Axes
  2057 | D:3      | Reached XP level 5. HP: 38/46 MP: 5/5
  2579 | D:4      | Found a runed translucent gate.
  2581 | D:4      | Found a runed translucent gate.
  2582 | D:4      | Found a runed translucent gate.
  2582 | D:4      | Noticed BuzzyBeetle's ghost (amateur KoBr)
  2583 | D:4      | Identified the +0 chain mail of Keusytut {rElec rCorr MP-9
                  | Int+3}
  2583 | D:4      | Noticed an orc warrior
  2585 | D:4      | Identified the +7 mace of Pyij {flame, Int+3}
  2779 | D:4      | Noticed a phantom
  2794 | D:4      | Killed a phantom
  2795 | D:4      | Reached skill level 7 in Axes
  2795 | D:4      | Reached XP level 6. HP: 33/52 MP: 6/6
  3172 | D:4      | Identified the +3 dagger of Hirph {vorpal, Will+}
  3527 | D:4      | Found a roughly hewn altar of Beogh.
  3543 | D:5      | Entered Level 5 of the Dungeon
  3714 | D:5      | Noticed Menkaure
  3722 | D:5      | Killed Menkaure
  3723 | D:5      | Reached skill level 8 in Axes
  3723 | D:5      | Reached XP level 7. HP: 8/59 MP: 7/7
  3806 | D:5      | Found a staircase to the Ecumenical Temple.
  3900 | D:5      | Found a glowing drain.
  3904 | Sewer    | Entered a sewer
  4009 | Sewer    | Reached skill level 9 in Axes
  4525 | Temple   | Entered the Ecumenical Temple
  4782 | Temple   | Became a worshipper of Warmaster Okawaru
  5038 | D:5      | Reached skill level 10 in Axes
  5216 | D:5      | Found a runed translucent door.
  5217 | D:5      | Noticed Crazy Yiuf
  5847 | D:6      | Reached XP level 8. HP: 17/66 MP: 8/8
  6136 | D:6      | Reached skill level 11 in Axes
  6241 | D:6      | Slain by an orc warrior

Illustrated notes

Levels and vault maps discovered:
D:1:      dpeg_arrival_tiny_b, layout_basic, ebering_ecumenical_altar_box,
          columned_hall_lemuel, minmay_worlds_worst_comb
D:2:      layout_basic, serial_shops, nicolae_shop_overgrown_old_shop
D:3:      layout_loops_ring, uniq_terence
D:4:      layout_basic, biasface_ghost_orc_armoury, corexii_leaking_fountain
D:5:      layout_gridville, minmay_temple_entry_glassed_door,
          gup_sewer_entry_spiral, uniq_menkaure, uniq_crazy_yiuf_cottage
D:6:      layout_gridville, chei_slow_surprise, serial_bayou,
          serial_bayou_lagoon_a, serial_bayou_shore_b, serial_bayou_lake_a,
          serial_bayou_lagoon_b, serial_bayou_crossing, serial_bayou_pond_e,
          kennysheep_opposing_triangles
Temple:   regret_index_temple_sigil_plot

Skill      XL: |  1  2  3  4  5  6  7  8 |
---------------+-------------------------+-----
Axes           | 3 4 5 7 8 10 11 | 11.1
Fighting       | 4 |  4.0
Armour         | 4 |  4.0
Shields        | 4 |  4.0

Action                   |  1- 3 |  4- 6 |  7- 9 || total
-------------------------+-------+-------+-------++-------
Melee: War axe           |    98 |   124 |   150 ||   372
  Use: Scroll            |       |       |     7 ||     7
       Potion            |       |       |     2 ||     2
Armor: Scale mail        |    57 |    41 |    66 ||   164
Dodge: Dodged            |    43 |    48 |    51 ||   142
Block: Buckler           |    20 |     6 |       ||    26
       Kite shield       |       |    48 |    74 ||   122
